Map: Newkirk Precinct TE (Void)

Players

Kashim - Winner!

  • Race: Zerg Zerg
  • Spawn Location: 5:00

Matrix

  • Race: Protoss Protoss
  • Spawn Location: 7:00

Event: IEM XI Katowice - World Championship 2017

VOD

Have the link to the VOD?

Description

Time

  • Played on: Feb. 27, 2017, 4:33 a.m.
  • Length: 6:16

All games in this series

Show
View Real Time Build Order
Export as new Build Order

Kashim Zerg - Winner!

Build Orders: Hatch First 

Get SALT Encoding   

  12  0:02  Drone  
  13  0:14  Overlord  
  13  0:18  Drone  
  14  0:32  Drone x2  
  16  0:36  Drone  
  17  0:55  Hatchery  
  16  0:58  Drone  
  16  0:59  Drone  
  16  1:02  Extractor  
  17  1:15  Spawning Pool  
  16  1:19  Drone  
  16  1:22  Drone  
  18  1:30  Drone  
  19  1:40  Overlord  
  19  1:51  Drone  
  20  2:02  Metabolic Boost, Queen  
  20  2:07  Queen  
  24  2:09  Zergling x2  
  24  2:13  Zergling x2  
  26  2:17  Drone  
  27  2:23  Drone x2  
  29  2:34  Drone x2  
  31  2:41  Queen  
  33  2:49  Overlord  
  33  3:02  Zergling x6  
  36  3:07  Overlord x2  
  36  3:13  Queen  
  36  3:19  Evolution Chamber  
  37  3:24  Zergling x6  
  40  3:40  Pneumatized Carapace  
  40  3:50  Zergling x4  
  40  3:51  Zergling x10  
  47  4:11  Zergling x10  
  52  4:22  Zergling x4  
  54  4:51  Queen  
  56  5:01  Zergling x8  
  56  5:02  Zergling x2  
  56  5:03  Zergling x2  
  56  5:17  Zergling x4  
  55  5:32  Zergling x4  
  56  5:40  Spore Crawler  
  49  5:47  Spore Crawler  
  49  5:49  Spore Crawler  
  45  5:55  Zergling x12  
Show
View Real Time Build Order
Export as new Build Order

Matrix Protoss 

Build Orders: 1 Gate Expand, Dark Templar Rush 

Get SALT Encoding   

  12  0:01  Probe (Chrono Boost)  
  13  0:11  Probe (Chrono Boost)  
  14  0:19  Pylon  
  14  0:22  Probe (Chrono Boost)  
  15  0:37  Probe (Chrono Boost)  
  15  0:39  Gateway  
  16  0:45  Assimilator  
  16  0:48  Probe (Chrono Boost)  
  17  0:58  Probe (Chrono Boost)  
  18  1:09  Probe (Chrono Boost)  
  19  1:32  Nexus  
  19  1:36  Cybernetics Core  
  19  1:38  Probe (Chrono Boost)  
  20  1:45  Assimilator  
  20  1:49  Probe (Chrono Boost)  
  21  1:54  Zealot  
  23  2:04  Pylon  
  23  2:22  Probe (Chrono Boost)  
  24  2:25  Adept  
  26  2:33  Mothership Core (Chrono Boost)  
  28  2:41  Twilight Council  
  28  2:44  Probe (Chrono Boost)  
  28  2:47  Warp Gate  
  29  2:51  Probe (Chrono Boost)  
  29  2:55  Adept, Probe (Chrono Boost)  
  33  3:02  Pylon  
  33  3:10  Probe x2 (Chrono Boost)  
  35  3:20  Dark Shrine, Probe (Chrono Boost)  
  35  3:26  Probe (Chrono Boost)  
  37  3:31  Probe (Chrono Boost)  
  38  3:36  Probe (Chrono Boost)  
  38  3:38  Adept  
  42  3:41  Probe (Chrono Boost)  
  42  3:50  Robotics Facility  
  42  3:53  Probe x2 (Chrono Boost)  
  44  4:03  Gateway  
  44  4:08  Pylon, Gateway  
  44  4:15  Probe x2 (Chrono Boost)  
  46  4:22  Pylon  
  46  4:25  Probe (Chrono Boost)  
  46  4:29  Pylon  
  47  4:33  Gateway  
  47  4:37  Gateway  
  47  4:41  Gateway  
  47  4:45  Probe x2 (Chrono Boost)  
  49  4:50  Assimilator  
  49  4:54  Assimilator  
  49  4:55  Probe (Chrono Boost)  
  46  5:09  Dark Templar  
  46  5:10  Dark Templar x2  
  36  5:35  Dark Templar  
  12  5:54  Probe (Chrono Boost)  
  9  6:04  Probe (Chrono Boost)  

Tags
 
Add a new tag
Caveats
  • Supply blocks, unpowered buildings, or Contaminate may cause inaccurate times.
  • Supply counts are checked every 10 seconds.